 Dungeon Crawl Stone Soup version 0.29.1-4-g47bece8355 (webtiles) character file.

Game seed: 705143507319088081

61 venomsnake the Trooper (level 3, -1/33 HPs)
             Began as a Minotaur Berserker on Dec 8, 2022.
             Was a Believer of Trog.
             Slain by a hobgoblin (4 damage)
             ... on level 2 of the Dungeon.
             The game lasted 00:03:58 (1524 turns).

venomsnake the Trooper (Minotaur Berserker)         Turns: 1524, Time: 00:03:58

Health: -1/33      AC:  2    Str: 23    XL:     3   Next: 83%
Magic:  2/2        EV: 12    Int:  4    God:    Trog [**....]
Gold:   57         SH:  0    Dex:  9    Spells: 2/2 levels left

rFire   . . .      SeeInvis .   a - +0 hand axe
rCold   . . .      Faith    .   (no shield)
rNeg    . . .      Spirit   .   b - +0 animal skin
rPois   .          Reflect  .   (helmet restricted)
rElec   .          Harm     .   (no cloak)
rCorr   .          Rampage  .   (no gloves)
Will    .....                   (no boots)
Stlth   +.........              (no amulet)
HPRegen 0.11/turn               (no ring)
MPRegen 0.08/turn               (no ring)

@: slowed, very slow
A: horns 2, retaliatory headbutt
a: Renounce Religion, Berserk, Trog's Hand


You were on level 2 of the Dungeon.
You worshipped Trog.
Trog was pleased with you.
You visited 1 branch of the dungeon, and saw 2 of its levels.

You collected 57 gold pieces.

Inventory:

Hand Weapons
 a - a +0 hand axe (weapon)
Missiles
 d - 40 stones (quivered)
Armour
 b - a +0 animal skin (worn)
Jewellery
 c - a ring of poison resistance
Scrolls
 e - a scroll of identify {unknown}
 h - 3 scrolls of butterflies {unknown}
 j - a scroll of fear {unknown}
 k - a scroll of vulnerability {unknown}
Potions
 f - 2 potions of curing {unknown}
 g - a potion of mutation {unknown}
 i - a potion of attraction {unknown}


   Skills:
 + Level 4.3 Fighting
 + Level 4.2 Axes
 + Level 3.3 Armour
 + Level 3.0 Dodging


You had 2 spell levels left.
You didn't know any spells.
Your spell library was empty.

Dungeon Overview and Level Annotations

Branches:
Dungeon (2/15)

Altars:


Innate Abilities, Weirdness & Mutations

You have a pair of horns on your head.
You reflexively headbutt those who attack you in melee.


Message History

Natasha stares at you and mumbles some strange words.
The magic dart hits you!
You hit Natasha. Your headbutt misses Natasha.
Natasha is moderately wounded.
Natasha claws you!
You are too injured to fight recklessly!
You are too injured to fight recklessly!
You are too injured to fight recklessly!
You hit Natasha.
Natasha is severely wounded.
Natasha casts a spell at you.
You feel yourself slow down.
You hit Natasha.
Natasha is almost dead.
Natasha closely misses you. You furiously retaliate!
You headbutt Natasha, but do no damage.
Natasha howls an incantation.
Natasha glows brightly for a moment.
Natasha claws you.
You hit Natasha.
Natasha is almost dead.
Natasha claws you but does no damage. Natasha completely misses you.
You completely miss Natasha.
Natasha is almost dead.
Natasha claws you but does no damage.
You barely miss Natasha.
Natasha is almost dead.
Natasha claws you. Natasha claws you!
* * * LOW HITPOINT WARNING * * *
Natasha closely misses you. You furiously retaliate!
You headbutt Natasha.
You kill Natasha!
Trog accepts your kill.
Trog appreciates your killing of a magic user.
Natasha screams in fury as she dies!
Your Dodging skill increases to level 3!
You are too injured to fight recklessly!
You are too injured to fight recklessly!
You are too injured to fight recklessly!
You barely miss the hobgoblin. The hobgoblin hits you.
You die...

#########.#.#
#.........#.#
...######.#.# ...#
#.#.# #..### #.#.#
#.^..# #.#.###########
...#.####+#...........#
#.##.#........#######.#
#.##..........#.@.....#
#.###.........#g#####.#
#.# #.........#.# ###
#. ###)...####†# #....#
#.# ....>.# #.# ##....#
#.# ...# #.# ...


You could see a hobgoblin.

Vanquished Creatures
  Natasha (D:2)
  5 ball pythons
  A bat (D:1)
  An endoplasm (D:1)
  3 giant cockroaches (D:1)
  5 goblins
  5 hobgoblins
  4 jackals (D:1)
  A kobold (D:1)
  A quokka (D:2)
  A frilled lizard (D:1)
  3 rats (D:1)
31 creatures vanquished.

Vanquished Creatures (others)
  5 toadstools (D:1)
5 creatures vanquished.

Grand Total: 36 creatures vanquished

Notes
Turn   | Place    | Note
-------+----------+-------------------------------------------
     0 | D:1      | venomsnake the Minotaur Berserker began the quest for the
                  | Orb.
     0 | D:1      | Reached XP level 1. HP: 19/19 MP: 0/0
   173 | D:1      | Reached XP level 2. HP: 22/27 MP: 1/1
   404 | D:1      | Found a faded altar of an unknown god.
   987 | D:2      | Reached XP level 3. HP: 33/33 MP: 2/2
  1153 | D:2      | Reached ** piety under Trog
  1511 | D:2      | Noticed Natasha
  1521 | D:2      | Killed Natasha
  1524 | D:2      | Slain by a hobgoblin

Illustrated notes

Levels and vault maps discovered:
D:1:      ldierk_walled_garden, layout_rooms, shapermc_ecumenical_altar_petra
D:2:      layout_basic, uniq_natasha

Skill      XL: |  1  2  3 |
---------------+----------+-----
Fighting       | 4 |  4.3
Axes           | 4 |  4.2
Armour         | 3 |  3.3
Dodging        | 3 |  3.0

Action                   || total
-------------------------++-------
Melee: Hand axe          ||    68
       Headbutt          ||     7
Armor: Animal skin       ||    14
Dodge: Dodged            ||    37
